 Dungeon Sprint DCSS version 0.17-a0-2014-g32cd421 (webtiles) character file.

4339394 Kidiri the Minotaur Barricade (level 22, 233/233 HPs)
             Began as a Minotaur Fighter on Oct 9, 2015.
             Was the Champion of Okawaru.
             Escaped with the Orb
             ... and 3 runes!
             The game lasted 01:37:15 (15405 turns).

Kidiri the Minotaur Barricade (Minotaur Fighter)   Turns: 15405, Time: 01:37:15

Health: 233/233    AC: 51    Str: 42    XL:     22   Next: 47%
Magic:  44/44      EV: 23    Int:  6    God:    Okawaru [******]
Gold:   168        SH: 23    Dex: 14    Spells: 0 memorised, 59 levels left

rFire  + . .     SeeInvis .     a - +11 eveningstar of Conservatism {speed, rC+++ Str+3 Dex-2}
rCold  + + +     Clarity  .     b - +3 gold dragon armour
rNeg   + + +     SustAt   .     I - +2 shield {reflect}
rPois  +         Gourm    .     (helmet restricted)
rElec  +         Spirit   .     Z - +4 dragonskin cloak
rCorr  .         Warding  .     u - +2 pair of gloves
rMut   +         NoTele   +     y - +2 pair of boots {Stlth+}
MR     ++...                    s - amulet "Tunorif" {rMut MR++ Str+4}
Stlth  +.........               C - ring of Nonanu Neoro {rElec rN+ MR- Str+6 Int+3}
                                o - ring "Urufe" {Wiz -Tele +Inv rN++ Str+2}

@: very slightly contaminated, very resistant to hostile enchantments, very
unstealthy
A: retaliatory headbutt, horns 2, iridescent scales 1, molten scales 1, yellow
scales 1, agile 1, dopey 1, spit poison 2
a: Spit Poison, Heroism, Finesse, Renounce Religion, Evoke Invisibility
0: Orb of Zot
}: 3/15 runes: silver, golden, iron


You escaped.
You worshipped Okawaru.
Okawaru was exalted by your worship.
You were not hungry.

You visited 1 branch You collected 168 gold pieces.

Inventory:

Hand Weapons
 a - the +11 eveningstar of Conservatism (weapon) {speed, rC+++ Str+3 Dex-2}
   (Okawaru gifted it to you in the Dungeon)

   Attacks with this weapon are significantly faster.
   It affects your strength (+3).
   It affects your dexterity (-2).
   It renders you almost immune to cold.
 k - a +2 mace of distortion
 Q - the +11 blowgun of the Augurer {evade, Dex+6}
   (You found it in the Dungeon)

   It affects your evasion (+5 to EV).
   It affects your dexterity (+6).
Missiles
 l - 14 javelins of penetration
 M - 24 poisoned needles
 R - 7 needles of confusion
 S - 5 steel javelins
 T - 6 javelins of returning
 U - 8 needles of slowing
 V - 3 needles of sleeping
 X - 5 silver tomahawks (quivered)
 Y - 4 tomahawks of dispersal
Armour
 b - a +3 gold dragon armour (worn)
 u - a +2 pair of gloves (worn)
 y - a +2 pair of boots of stealth (worn)
 D - the +3 hat of Pondering {ponderous, MR+ MP+10 Int+5}
   (You found it in the Dungeon)

   It affects your intelligence (+5).
   It affects your resistance to hostile enchantments.
   It affects your magic capacity (+10).
 I - a +2 shield of reflection (worn)
 Z - the +4 dragonskin cloak (worn)
   (You took it off Tiamat in the Dungeon)
Jewellery
 o - the ring "Urufe" (left hand) {Wiz -Tele +Inv rN++ Str+2}
   (You found it in the Dungeon)

   [ring of wizardry]

   It improves your spell success rate.
   It affects your strength (+2).
   It greatly protects you from negative energy.
   It lets you turn invisible.
   It prevents most forms of teleportation.
 s - the amulet "Tunorif" (around neck) {rMut MR++ Str+4}
   (You found it in the Dungeon)

   [amulet of resist mutation]

   It protects you from mutation.
   It affects your strength (+4).
   It affects your resistance to hostile enchantments.
 C - the ring of Nonanu Neoro (right hand) {rElec rN+ MR- Str+6 Int+3}
   (You found it in the Dungeon)

   [ring of positive energy]

   It affects your strength (+6).
   It affects your intelligence (+3).
   It insulates you from electricity.
   It protects you from negative energy.
   It affects your resistance to hostile enchantments.
Wands
 E - a wand of hasting (5)
 K - a wand of heal wounds (2)
Scrolls
 c - 4 scrolls of blinking
 p - 6 scrolls of remove curse
 q - 6 scrolls of amnesia
 r - a scroll of summoning
 z - 2 scrolls of enchant weapon
 A - 7 scrolls of identify
 F - 6 scrolls of fog
 G - 2 scrolls of recharging
 H - 5 scrolls of fear
 N - a scroll of brand weapon
Potions
 d - 6 potions of cure mutation
 e - 2 potions of invisibility
 f - 14 potions of curing
 g - a potion of cancellation
 h - 2 potions of haste
 i - 4 potions of magic
 j - 5 potions of berserk rage
 t - 6 potions of agility
 v - 6 potions of brilliance
 w - 2 potions of resistance
 x - 2 potions of flight
 J - 2 potions of might
Comestibles
 m - 45 fruits
 n - 8 meat rations
 O - a royal jelly
 P - a slice of pizza


   Skills:
 O Level 27 Fighting
 O Level 27 Maces & Flails
 O Level 27 Throwing
 O Level 27 Armour
 O Level 27 Dodging
 O Level 27 Stealth
 O Level 27 Shields
 O Level 27 Unarmed Combat
 + Level 19.4 Spellcasting
 O Level 27 Invocations
 O Level 27 Evocations


You had 59 spell levels left.
You didn't know any spells.

Dungeon Overview and Level Annotations

Branches:
Dungeon (1/1)

Altars:
Ashenzari
Cheibriados
Dithmenos
Elyvilon
Fedhas
Gozag
Kikubaaqudgha
Makhleb
Nemelex Xobeh
Okawaru
Qazlal
Ru
Sif Muna
Trog
Vehumet
Xom
Yredelemnul
Zin
The Shining One
Beogh
Jiyva
Lugonu


Innate Abilities, Weirdness & Mutations

You reflexively headbutt those who attack you in melee.
You have a pair of horns on your head.
You are partially covered in iridescent scales (AC +4).
You are partially covered in molten scales (AC +1).
You are partially covered in yellow scales (AC +2).
You are agile. (Dex +2)
You are dopey. (Int -2)
You can spit poison.


Message History

No target in view!
No target in view!
You block the Orb Guardian's attack. x2
There is an open door to the Entrance Hall (Safe) here.
You spit the Orb Guardian like a pig!!! Your headbutt misses the Orb Guardian.
The Orb Guardian is severely wounded.
You block the Orb Guardian's attack.
You closely miss the Orb Guardian. You headbutt the Orb Guardian!
The Orb Guardian is almost dead.
You miss the Orb Guardian.
You headbutt the Orb Guardian, but do no damage.
The Orb Guardian is almost dead.
The Orb Guardian hits you.
You thump the Orb Guardian! You headbutt the Orb Guardian.
You kill the Orb Guardian!
Okawaru accepts your kill.
No target in view!
There is a staircase leading out of the dungeon here.
HP restored.
You have escaped!

#######+#####................++..
#..........[+................++..
#+#####+#####......#..#......##..
#.#..#..#[[##................##..
#.#..÷..#))#####'#####++#########
#.#.)####))##.......##++# ##### #
#.#..#..#))##.......##..###...###
#.#.)#..#..##.......##...##...##.
#)##+#..#+###...@...###...##+##..
#.#........##.......# ##.........
#.#........##.......###..###+###.
#+###########.......##..##.....##
#.......#..###########..+...)...+
#.......#)############..##.....##
#...#...#.#....#..[[###..###+###.
#..###..#÷#....#..[[# ##.........
#...#...#.+....+..))###...##+##..


There were no monsters in sight!

Vanquished Creatures
  Antaeus (D)
  Dissolution (D)
  Ereshkigal (D)
  7 ancient liches (D)
  Lom Lobon (D)
  Tiamat (D)
  3 orbs of fire (D)
  Mara (D)
  8 greater mummies (D)
  Boris (D)
  Norris (D)
  A Killer Klown (D)
  A curse toe (D)
  Nikola (D)
  A golden dragon (D)
  Xtahua (D)
  6 bone dragons (D)
  5 pearl dragons (D)
  4 pandemonium lords (D)
  5 electric golems (D)
  2 Brimstone Fiends (D)
  5 hellephants (D)
  7 Hell Sentinels (D)
  3 tentacled monstrosities (D)
  5 liches (D)
  3 Ice Fiends (D)
  23 Orb Guardians (D)
  5 titans (D)
  2 deep elf master archers (D)
  2 quicksilver dragons (D)
  4 Shadow Fiends (D)
  3 sphinxes (D)
  Gastronok (D)
  2 death cobs (D)
  2 storm dragons (D)
  Frances (D)
  An Executioner (D)
  4 shadow dragons (D)
  A daeva (D)
  4 draconian monks (D)
  2 azure jellies (D)
  A fire giant (D)
  4 greater nagas (D)
  5 ghost moths (D)
  2 iron dragons (D)
  4 orc warlords (D)
  4 frost giants (D)
  Louise (D)
  3 balrugs (D)
  A draconian shifter (D)
  A cacodemon (D)
  A draconian zealot (D)
  A ghoul (D)
  A reaper (D)
  16 vampire knights (D)
  2 spriggan defenders (D)
  A war gargoyle (D)
  4 draconian callers (D)
  2 green draconians (D)
  An ophan (D)
  A deep elf annihilator (D)
  2 apis (D)
  3 red draconians (D)
  3 stone giants (D)
  2 purple draconians (D)
  2 lorocyprocas (D)
  A yellow draconian (D)
  A dire elephant (D)
  2 black draconians (D)
  A mottled draconian (D)
  3 green deaths (D)
  3 minotaurs (D)
  3 blizzard demons (D)
  2 death oozes (D)
  5 deep elf death magi (D)
  4 vault guards (D)
  6 mummy priests (D)
  6 ettins (D)
  2 fire dragons (D)
  A deep elf high priest (D)
  2 yaktaur captains (D)
  A hydra (D)
  A great orb of eyes (D)
  4 ice dragons (D)
  A spriggan air mage (D)
  2 naga warriors (D)
  3 merfolk avatars (D)
  Erica (D)
  A centaur warrior (D)
  A merfolk aquamancer (D)
  3 hell beasts (D)
  2 alligator snapping turtles (D)
  5 ogre magi (D)
  3 anacondas (D)
  3 hell hogs (D)
  An iron elemental (D)
  4 soul eaters (D)
  A sun demon (D)
  A hell knight (D)
  2 deep elf knights (D)
  7 iron trolls (D)
  A fire crab (D)
  2 cherubim (D)
  7 skeletal warriors (D)
  4 ball lightnings (D)
  A sea snake (D)
  A flayed ghost (D)
  A lindwurm (shapeshifter) (D)
  A swamp dragon (D)
  A spriggan druid (D)
  10 deep trolls (D)
  2 wizards (D)
  10 orc knights (D)
  A hill giant (shapeshifter) (D)
  5 hill giants (D)
  An ugly thing (D)
  A sixfirhy (D)
  A griffon (D)
  An orc sorcerer (D)
  A wolf spider (D)
  A guardian serpent (D)
  3 elephants (D)
  6 cyclopes (D)
  A moth of wrath (D)
  An orange demon (D)
  A gargoyle (D)
  3 naga magi (D)
  A kobold demonologist (D)
  A black mamba (D)
  2 fire drakes (D)
  A spiny frog (D)
  6 yaktaurs (D)
  2 tormentors (D)
  A demonic crawler (D)
  An efreet (D)
  2 komodo dragons (D)
  A deep elf priest (D)
  5 red devils (D)
  7 guardian mummies (D)
  A polar bear (D)
  7 two-headed ogres (D)
  A wandering mushroom (D)
  2 wind drakes (D)
  6 slime creatures (D)
  A boulder beetle (D)
  5 blink frogs (D)
  8 trolls (D)
  A large abomination (D)
  Sigmund (D)
  An air elemental (D)
  2 ynoxinuls (D)
  6 water elementals (D)
  A vampire (D)
  A spriggan (D)
  2 tarantellas (D)
  A mottled dragon (D)
  5 yaks (D)
  A fire elemental (D)
  A neqoxec (D)
  A golden eye (D)
  3 nagas (D)
  2 vampire mosquitoes (D)
  3 wargs (D)
  5 hell hounds (D)
  A wasp (D)
  A sky beast (D)
  7 ogres (D)
  9 orc warriors (D)
  2 phantoms (D)
  A brain worm (D)
  A crocodile (D)
  A gnoll sergeant (D)
  An orc priest (D)
  A worker ant (D)
  20 sheep (D)
  An orc wizard (D)
  A mummy (D)
  4 gnolls (D)
  3 river rats (D)
  An adder (D)
  2 giant eyeballs (D)
  2 ufetubi (D)
  An ooze (D)
  2 adder zombies (D)
  3 adder skeletons (D)
  2 adder simulacra (D)
  11 orcs (D)
  A bat simulacrum (D)
  6 bat skeletons (D)
  3 bat zombies (D)
  3 goblins (D)
  2 hobgoblins (D)
  3 jackals (D)
  A quokka (D)
  2 ball pythons (D)
  A ball python simulacrum (D)
  3 ball python skeletons (D)
  3 giant cockroach simulacra (D)
  2 giant cockroach zombies (D)
  2 giant gecko simulacra (D)
  A giant gecko zombie (D)
  A quokka simulacrum (D)
  3 quokka skeletons (D)
  2 quokka zombies (D)
  2 rats (D)
575 creatures vanquished.

Vanquished Creatures (others)
  the Lernaean hydra (D)
  Margery (D)
  A profane servitor (D)
  A pearl dragon (D)
  A pandemonium lord (D)
  A lich (D)
  4 Orb Guardians (D)
  A deep elf master archer (D)
  A draconian scorcher (D)
  A white draconian (D)
  A spriggan air mage (D)
  A hell hog (D)
  2 sun demons (D)
  A shadow wraith (D)
  5 hell knights (D)
  8 ball lightnings (D)
  A necromancer (D)
  A red devil (D)
  2 orcs (D)
  A bat zombie (D)
36 creatures vanquished.

Grand Total: 611 creatures vanquished

Notes
Turn   | Place    | Note
--------------------------------------------------------------
     0 | D        | Kidiri the Minotaur Fighter began the quest for the Orb.
     0 | D        | Reached XP level 1. HP: 19/19 MP: 0/0
    15 | D        | Reached skill level 4 in Shields
    56 | D        | Found a sacrificial altar of Ru.
    56 | D        | Found a basalt altar of Yredelemnul.
    56 | D        | Found a shadowy altar of Dithmenos.
    56 | D        | Found a deep blue altar of Sif Muna.
    56 | D        | Found a burning altar of Makhleb.
    56 | D        | Found a shimmering altar of Xom.
    56 | D        | Found an ancient bone altar of Kikubaaqudgha.
    56 | D        | Found a sparkling altar of Nemelex Xobeh.
    57 | D        | Found a glowing golden altar of the Shining One.
    57 | D        | Found a bloodstained altar of Trog.
    57 | D        | Found a shattered altar of Ashenzari.
    57 | D        | Found a white marble altar of Elyvilon.
    57 | D        | Found a snail-covered altar of Cheibriados.
    57 | D        | Found a blossoming altar of Fedhas.
    57 | D        | Found a radiant altar of Vehumet.
    57 | D        | Found a glowing silver altar of Zin.
    57 | D        | Found a corrupted altar of Lugonu.
    57 | D        | Found a viscous altar of Jiyva.
    57 | D        | Found a roughly hewn altar of Beogh.
    57 | D        | Found an iron altar of Okawaru.
    63 | D        | Found a stormy altar of Qazlal.
    64 | D        | Found an opulent altar of Gozag.
    66 | D        | Became a worshipper of Warmaster Okawaru
    90 | D        | Reached skill level 1 in Invocations
    90 | D        | Reached XP level 2. HP: 16/27 MP: 1/1
   213 | D        | Reached skill level 1 in Dodging
   240 | D        | Reached skill level 5 in Armour
   240 | D        | Reached skill level 5 in Shields
   240 | D        | Reached XP level 3. HP: 26/34 MP: 3/3
   255 | D        | Noticed a brain worm
   259 | D        | Killed a brain worm
   259 | D        | Reached skill level 5 in Fighting
   259 | D        | Reached skill level 5 in Maces & Flails
   259 | D        | Reached skill level 6 in Armour
   259 | D        | Reached XP level 4. HP: 26/42 MP: 3/5
   428 | D        | Noticed a sky beast
   429 | D        | Noticed Sigmund
   439 | D        | Killed a sky beast
   439 | D        | Acquired Okawaru's first power
   439 | D        | Reached skill level 7 in Maces & Flails
   439 | D        | Reached XP level 5. HP: 38/50 MP: 6/6
   459 | D        | Killed Sigmund
   459 | D        | Reached skill level 8 in Maces & Flails
   459 | D        | Reached XP level 6. HP: 38/58 MP: 6/8
   473 | D        | Gained mutation: You have a pair of large horns on your head. [mutagenic meat]
   474 | D        | Gained mutation: You are agile. (Dex +2) [mutagenic meat]
   475 | D        | Gained mutation: Armour fits poorly on your strangely shaped body. [mutagenic meat]
   476 | D        | Gained mutation: You are partially covered in yellow scales (AC +2). [mutagenic meat]
   477 | D        | Gained mutation: You can spit weak poison. [mutagenic meat]
   478 | D        | Gained mutation: You are partially covered in molten scales (AC +1). [mutagenic meat]
   604 | D        | Noticed a sea snake
   626 | D        | Killed a sea snake
   626 | D        | Reached skill level 10 in Maces & Flails
   626 | D        | Reached skill level 10 in Armour
   626 | D        | Reached skill level 10 in Shields
   626 | D        | Reached skill level 5 in Invocations
   626 | D        | Reached XP level 7. HP: 50/67 MP: 7/10
   704 | D        | Noticed a warg
   709 | D        | Killed a warg
   709 | D        | Reached XP level 8. HP: 72/74 MP: 8/11
   734 | D        | Noticed a worker ant
   734 | D        | Noticed a griffon
   734 | D        | Noticed a gargoyle
   751 | D        | Killed a griffon
   751 | D        | Reached skill level 11 in Armour
   769 | D        | Killed a gargoyle
   772 | D        | Killed a worker ant
   815 | D        | Got the +2 morningstar of Plague {flame, rF++}
   977 | D        | Noticed a swamp dragon
   978 | D        | Noticed an orange demon
   980 | D        | Noticed a komodo dragon
   987 | D        | Noticed a vampire mosquito
   988 | D        | Noticed a vampire mosquito
   988 | D        | Noticed a guardian mummy
   988 | D        | Killed a swamp dragon
   988 | D        | Reached skill level 12 in Armour
   988 | D        | Reached XP level 9. HP: 75/83 MP: 9/13
   995 | D        | Killed an orange demon
  1008 | D        | Killed a vampire mosquito
  1014 | D        | Killed a guardian mummy
  1014 | D        | Acquired Okawaru's second power
  1015 | D        | Killed a komodo dragon
  1015 | D        | Reached skill level 13 in Shields
  1049 | D        | Noticed Erica
  1049 | D        | Noticed a phantom
  1049 | D        | Noticed a cyclops
  1052 | D        | Killed a vampire mosquito
  1052 | D        | Reached skill level 10 in Fighting
  1061 | D        | Killed Erica
  1061 | D        | Reached XP level 10. HP: 32/93 MP: 6/15
  1069 | D        | Killed a cyclops
  1070 | D        | Killed a phantom
  1330 | D        | Noticed a fire drake
  1330 | D        | Noticed a great orb of eyes
  1339 | D        | Killed a great orb of eyes
  1339 | D        | Reached skill level 14 in Shields
  1341 | D        | Killed a fire drake
  1358 | D        | Noticed a tarantella
  1358 | D        | Noticed a troll
  1363 | D        | Killed a tarantella
  1366 | D        | Killed a troll
  1435 | D        | Noticed a wasp
  1435 | D        | Noticed a komodo dragon
  1441 | D        | Killed a komodo dragon
  1445 | D        | Killed a wasp
  1451 | D        | Noticed a troll
  1451 | D        | Noticed a boulder beetle
  1455 | D        | Killed a troll
  1462 | D        | Killed a boulder beetle
  1497 | D        | Noticed a spriggan druid
  1498 | D        | Noticed an air elemental
  1501 | D        | Killed a spriggan druid
  1503 | D        | Killed an air elemental
  1566 | D        | Noticed a flayed ghost
  1566 | D        | Noticed a phantom
  1566 | D        | Noticed a polar bear
  1567 | D        | Noticed an anaconda
  1572 | D        | Noticed a fire drake
  1573 | D        | Noticed an orc wizard
  1573 | D        | Noticed a mottled dragon
  1582 | D        | Killed an anaconda
  1582 | D        | Reached skill level 15 in Armour
  1582 | D        | Reached XP level 11. HP: 42/102 MP: 9/16
  1586 | D        | Killed a polar bear
  1586 | D        | Reached skill level 15 in Shields
  1599 | D        | Killed a flayed ghost
  1599 | D        | Received a gift from Okawaru
  1599 | D        | Reached skill level 15 in Maces & Flails
  1599 | D        | Reached skill level 10 in Dodging
  1602 | D        | Killed a fire drake
  1604 | D        | Killed a phantom
  1607 | D        | Killed a mottled dragon
  1608 | D        | Killed an orc wizard
  1609 | D        | Noticed an anaconda
  1614 | D        | Noticed an elephant
  1619 | D        | Killed an anaconda
  1625 | D        | Killed an elephant
  1635 | D        | Noticed a red devil
  1643 | D        | Killed a red devil
  1687 | D        | Got the ring of Qacucs {+Fly Dex+5}
  1850 | D        | Noticed an efreet
  1856 | D        | Killed a shadow wraith
  1857 | D        | Killed an efreet
  1968 | D        | Noticed a blink frog
  1968 | D        | Noticed a blink frog
  1969 | D        | Noticed a blink frog
  1969 | D        | Noticed a spiny frog
  1969 | D        | Noticed a blink frog
  1970 | D        | Noticed a blink frog
  1973 | D        | Killed a blink frog
  1977 | D        | Killed a blink frog
  1979 | D        | Killed a spiny frog
  1985 | D        | Killed a blink frog
  1985 | D        | Reached skill level 16 in Armour
  1990 | D        | Noticed a vampire
  1991 | D        | Killed a blink frog
  1991 | D        | Reached skill level 10 in Invocations
  1993 | D        | Killed a blink frog
  2014 | D        | Killed a vampire
  2395 | D        | Noticed a black mamba
  2400 | D        | Killed a black mamba
  2416 | D        | Noticed a ynoxinul
  2424 | D        | Killed a ynoxinul
  2437 | D        | Noticed a ynoxinul
  2438 | D        | Noticed a demonic crawler
  2447 | D        | Killed a ynoxinul
  2456 | D        | Killed a demonic crawler
  2593 | D        | Noticed a hell hound
  2593 | D        | Noticed a minotaur
  2593 | D        | Noticed a minotaur
  2594 | D        | Noticed an anaconda
  2594 | D        | Noticed a merfolk avatar
  2600 | D        | Killed a merfolk avatar
  2603 | D        | Noticed a hell hound
  2608 | D        | Noticed a death cob
  2608 | D        | Killed a minotaur
  2608 | D        | Received a gift from Okawaru
  2609 | D        | Noticed a vampire knight
  2612 | D        | Noticed a hell hound
  2613 | D        | Killed an anaconda
  2614 | D        | Noticed a crocodile
  2618 | D        | Killed a vampire knight
  2618 | D        | Reached skill level 17 in Armour
  2618 | D        | Reached XP level 12. HP: 104/113 MP: 11/18
  2623 | D        | Noticed a sixfirhy
  2635 | D        | Killed a death cob
  2642 | D        | Killed a sixfirhy
  2643 | D        | Noticed a vampire knight
  2649 | D        | Killed a vampire knight
  2650 | D        | Killed a crocodile
  2651 | D        | Noticed an elephant
  2656 | D        | Killed an elephant
  2666 | D        | Killed a ghost moth
  2667 | D        | Noticed a frost giant
  2674 | D        | Noticed a hell hound
  2676 | D        | Killed a minotaur
  2680 | D        | Killed a hell hound
  2686 | D        | Killed a frost giant
  2686 | D        | Received a gift from Okawaru
  2686 | D        | Reached skill level 18 in Maces & Flails
  2688 | D        | Noticed a guardian serpent
  2689 | D        | Killed a guardian serpent
  2690 | D        | Noticed a gnoll sergeant
  2692 | D        | Noticed Gastronok
  2693 | D        | Killed a hell hound
  2698 | D        | Killed a hell hound
  2702 | D        | Killed a gnoll sergeant
  2703 | D        | Noticed a hell hound
  2705 | D        | Killed a hell hound
  2706 | D        | Killed a hell hound
  2707 | D        | Noticed a kobold demonologist
  2715 | D        | Killed Gastronok
  2718 | D        | Noticed a spriggan
  2719 | D        | Killed a spriggan
  2729 | D        | Noticed a fire crab
  2730 | D        | Killed a kobold demonologist
  2737 | D        | Killed a fire crab
  2739 | D        | Got the ring "Agaptughi" {rN+ Str+6}
  2762 | D        | Gained mutation: You are partially covered in iridescent scales (AC +4). [mutagenic meat]
  2763 | D        | Lost mutation: You have a pair of large horns on your head. [mutagenic meat]
  2764 | D        | Gained mutation: You are dopey. (Int -2) [mutagenic meat]
  2765 | D        | Lost mutation: You are dopey. (Int -2) [mutagenic meat]
  2784 | D        | Got the ring of Eddael {rElec rPois rC+ Str+3 Stlth-}
  2953 | D        | Noticed a tarantella
  2953 | D        | Noticed a water elemental
  2953 | D        | Noticed a hellephant
  2953 | D        | Noticed a hell beast
  2953 | D        | Noticed a soul eater
  2953 | D        | Noticed a minotaur
  2953 | D        | Noticed an alligator snapping turtle
  2953 | D        | Noticed an alligator snapping turtle
  2955 | D        | Killed a tarantella
  2957 | D        | Killed a water elemental
  2971 | D        | Killed a hellephant
  2971 | D        | Reached XP level 13. HP: 82/125 MP: 14/21
  2979 | D        | Killed a soul eater
  2983 | D        | Killed a hell beast
  2983 | D        | Reached skill level 19 in Maces & Flails
  2998 | D        | Killed an alligator snapping turtle
  3008 | D        | Killed an alligator snapping turtle
  3011 | D        | Killed a minotaur
  3244 | D        | Noticed a slime creature
  3244 | D        | Noticed a slime creature
  3244 | D        | Noticed a merfolk aquamancer
  3244 | D        | Noticed a water elemental
  3244 | D        | Noticed a water elemental
  3244 | D        | Noticed a water elemental
  3244 | D        | Noticed a water elemental
  3244 | D        | Noticed an orc knight
  3244 | D        | Noticed an orc knight
  3244 | D        | Noticed an orc knight
  3244 | D        | Noticed an orc knight
  3245 | D        | Noticed a slime creature
  3245 | D        | Noticed an orc knight
  3245 | D        | Noticed an orc warlord
  3245 | D        | Noticed an orc warlord
  3249 | D        | Killed a water elemental
  3251 | D        | Noticed an orc knight
  3256 | D        | Killed a water elemental
  3262 | D        | Killed a merfolk aquamancer
  3264 | D        | Noticed a slime creature
  3265 | D        | Killed a water elemental
  3266 | D        | Killed a water elemental
  3270 | D        | Noticed a slime creature
  3272 | D        | Killed an orc knight
  3275 | D        | Killed a slime creature
  3279 | D        | Killed a slime creature
  3290 | D        | Killed an orc knight
  3290 | D        | Received a gift from Okawaru
  3300 | D        | Killed an orc knight
  3307 | D        | Killed an orc warlord
  3307 | D        | Reached skill level 15 in Fighting
  3310 | D        | Killed a slime creature
  3311 | D        | Killed a slime creature
  3317 | D        | Killed an orc knight
  3324 | D        | Killed an orc knight
  3328 | D        | Killed a slime creature
  3331 | D        | Killed an orc knight
  3333 | D        | Noticed an orc knight
  3338 | D        | Killed a slime creature
  3343 | D        | Noticed a yaktaur captain
  3345 | D        | Noticed an orc knight
  3345 | D        | Killed an orc knight
  3345 | D        | Reached skill level 20 in Armour
  3347 | D        | Noticed a yaktaur
  3351 | D        | Killed a yaktaur captain
  3357 | D        | Killed an orc knight
  3359 | D        | Killed a yaktaur
  3360 | D        | Noticed an orc knight
  3365 | D        | Noticed a yaktaur
  3368 | D        | Killed an orc warlord
  3371 | D        | Killed an orc knight
  3373 | D        | Killed a yaktaur
  3374 | D        | Noticed a vault guard
  3378 | D        | Noticed a vault guard
  3395 | D        | Killed a vault guard
  3403 | D        | Killed a vault guard
  3592 | D        | Noticed an orc knight
  3592 | D        | Noticed a deep elf knight
  3593 | D        | Noticed a wolf spider
  3593 | D        | Noticed a naga warrior
  3593 | D        | Noticed a green draconian
  3599 | D        | Killed a wolf spider
  3608 | D        | Killed a green draconian
  3611 | D        | Killed an orc knight
  3620 | D        | Killed a naga warrior
  3620 | D        | Reached XP level 14. HP: 88/136 MP: 22/22
  3623 | D        | Killed a deep elf knight
  3721 | D        | Noticed a naga warrior
  3722 | D        | Noticed a wizard
  3722 | D        | Noticed a deep elf knight
  3723 | D        | Noticed a vault guard
  3735 | D        | Killed a naga warrior
  3738 | D        | Killed a wizard
  3741 | D        | Killed a vault guard
  3746 | D        | Killed a deep elf knight
  3750 | D        | Noticed a water elemental
  3754 | D        | Killed a water elemental
  3754 | D        | Reached skill level 21 in Armour
  3960 | D        | Noticed a yak
  3961 | D        | Noticed a yak
  3961 | D        | Noticed a fire elemental
  3961 | D        | Noticed a merfolk avatar
  3962 | D        | Noticed a yak
  3962 | D        | Noticed a yak
  3963 | D        | Noticed a yak
  3967 | D        | Killed a yak
  3970 | D        | Killed a yak
  3973 | D        | Killed a fire elemental
  3978 | D        | Killed a yak
  3980 | D        | Killed a yak
  3985 | D        | Killed a merfolk avatar
  3988 | D        | Killed a yak
  3995 | D        | Noticed an ettin
  3996 | D        | Noticed a neqoxec
  3997 | D        | Noticed a cherub
  3998 | D        | Noticed a wind drake
  3999 | D        | Noticed a spriggan defender
  4002 | D        | Noticed a red draconian
  4006 | D        | Killed an ettin
  4006 | D        | Gained mutation: You are dopey. (Int -2) [a neqoxec]
  4013 | D        | Killed a spriggan defender
  4013 | D        | Received a gift from Okawaru
  4016 | D        | Noticed a warg
  4020 | D        | Noticed an apis
  4020 | D        | Killed a neqoxec
  4038 | D        | Killed a cherub
  4041 | D        | Killed a warg
  4043 | D        | Killed a wind drake
  4049 | D        | Killed an apis
  4056 | D        | Killed a red draconian
  4090 | D        | Noticed an orc warrior
  4090 | D        | Noticed a large abomination
  4090 | D        | Noticed a deep elf priest
  4092 | D        | Noticed a fire dragon
  4093 | D        | Noticed an ophan
  4095 | D        | Noticed an ice dragon
  4096 | D        | Noticed an orc warlord
  4096 | D        | Killed an orc warrior
  4099 | D        | Killed a fire dragon
  4101 | D        | Noticed an orc warrior
  4101 | D        | Noticed an orc warrior
  4102 | D        | Killed a large abomination
  4106 | D        | Noticed an orc priest
  4107 | D        | Noticed a centaur warrior
  4110 | D        | Killed a deep elf priest
  4112 | D        | Noticed a stone giant
  4112 | D        | Killed an ice dragon
  4116 | D        | Killed an orc warrior
  4119 | D        | Noticed an eight-headed hydra
  4121 | D        | Killed an orc priest
  4125 | D        | Killed an orc warlord
  4126 | D        | Noticed an elephant
  4130 | D        | Killed an eight-headed hydra
  4130 | D        | Reached skill level 15 in Dodging
  4132 | D        | Killed a centaur warrior
  4132 | D        | Reached skill level 22 in Armour
  4137 | D        | Killed a stone giant
  4137 | D        | Received a gift from Okawaru
  4139 | D        | Killed an ophan
  4144 | D        | Killed an elephant
  4145 | D        | Killed an orc warrior
  4192 | D        | Noticed a wandering mushroom
  4237 | D        | Killed a wandering mushroom
  4372 | D        | Noticed a death cob
  4372 | D        | Noticed a merfolk avatar
  4373 | D        | Noticed a wind drake
  4373 | D        | Noticed an ice dragon
  4373 | D        | Noticed a soul eater
  4374 | D        | Noticed a hell beast
  4375 | D        | Noticed a cherub
  4375 | D        | Noticed a red draconian
  4376 | D        | Noticed a mummy priest
  4376 | D        | Noticed a guardian mummy
  4378 | D        | Noticed a golden eye
  4378 | D        | Killed a death cob
  4380 | D        | Noticed a lorocyproca
  4380 | D        | Noticed a red draconian
  4381 | D        | Noticed a ghost moth
  4384 | D        | Killed a wind drake
  4392 | D        | Killed a hell beast
  4402 | D        | Killed a lorocyproca
  4405 | D        | Noticed a deep elf death mage
  4415 | D        | Killed a ghost moth
  4424 | D        | Killed a mummy priest
  4435 | D        | Killed a merfolk avatar
  4440 | D        | Killed a deep elf death mage
  4442 | D        | Killed a guardian mummy
  4452 | D        | Killed an ice dragon
  4459 | D        | Killed a red draconian
  4464 | D        | Killed a cherub
  4465 | D        | Killed a golden eye
  4475 | D        | Killed a soul eater
  4475 | D        | Reached skill level 23 in Armour
  4476 | D        | Noticed a deep elf master archer
  4478 | D        | Noticed a yellow draconian
  4479 | D        | Noticed an iron troll
  4485 | D        | Killed a red draconian
  4485 | D        | Reached XP level 15. HP: 95/147 MP: 6/24
  4495 | D        | Killed an iron troll
  4502 | D        | Killed a deep elf master archer
  4515 | D        | Killed a yellow draconian
  4515 | D        | Received a gift from Okawaru
  4518 | D        | Got an ebony eveningstar {god gift}
  4519 | D        | Identified the +11 eveningstar of Conservatism {speed, rC+++ Str+3 Dex-2} (Okawaru gifted it to you in the Dungeon)
  4755 | D        | Noticed an iron troll
  4755 | D        | Noticed a quicksilver dragon
  4767 | D        | Killed a quicksilver dragon
  4775 | D        | Killed an iron troll
  5001 | D        | Noticed a cyan ugly thing
  5002 | D        | Noticed a red draconian monk
  5006 | D        | Killed a ghost moth
  5008 | D        | Noticed a lich
  5010 | D        | Killed a cyan ugly thing
  5011 | D        | Noticed a purple draconian
  5011 | D        | Noticed a deep elf death mage
  5014 | D        | Noticed Frances
  5017 | D        | Noticed an ogre mage
  5019 | D        | Killed a red draconian monk
  5020 | D        | Noticed a mottled draconian caller
  5020 | D        | Noticed a naga mage
  5024 | D        | Killed a lich
  5027 | D        | Noticed a white draconian monk
  5027 | D        | Killed a deep elf death mage
  5036 | D        | Killed Frances
  5036 | D        | Reached skill level 24 in Armour
  5037 | D        | Noticed a yaktaur
  5038 | D        | Noticed a lich
  5041 | D        | Noticed a naga mage
  5043 | D        | Killed a purple draconian
  5048 | D        | Noticed a lich
  5049 | D        | Killed a white draconian monk
  5050 | D        | Killed a naga mage
  5050 | D        | Received a gift from Okawaru
  5051 | D        | Noticed a yaktaur
  5052 | D        | Noticed a red draconian shifter
  5053 | D        | Noticed a yaktaur captain
  5053 | D        | Killed an ogre mage
  5056 | D        | Noticed a wizard
  5056 | D        | Killed a yaktaur
  5060 | D        | Noticed a storm dragon
  5061 | D        | Killed a lich
  5064 | D        | Killed a naga mage
  5070 | D        | Killed a mottled draconian caller
  5073 | D        | Killed a lich
  5075 | D        | Killed a wizard
  5078 | D        | Killed a yaktaur
  5089 | D        | Killed a yaktaur captain
  5092 | D        | Killed a red draconian shifter
  5118 | D        | Got an encrusted cloak {god gift}
  5129 | D        | Identified the +0 cloak of Voqiqoys {rElec Int+2 Dex+2} (Okawaru gifted it to you in the Dungeon)
  5202 | D        | Noticed a greater naga
  5206 | D        | Noticed a sphinx
  5209 | D        | Killed a greater naga
  5209 | D        | Reached skill level 25 in Armour
  5211 | D        | Killed a sphinx
  5217 | D        | Lost mutation: Armour fits poorly on your strangely shaped body. [mutagenic meat]
  5218 | D        | Gained mutation: Your body sometimes deteriorates upon taking damage. [mutagenic meat]
  5219 | D        | Lost mutation: Your body sometimes deteriorates upon taking damage. [mutagenic meat]
  5220 | D        | Gained mutation: You can spit poison. [mutagenic meat]
  5223 | D        | Noticed a yaktaur
  5225 | D        | Noticed a vampire knight
  5226 | D        | Noticed a greater naga
  5233 | D        | Killed a vampire knight
  5241 | D        | Killed a greater naga
  5242 | D        | Noticed a yaktaur
  5248 | D        | Killed a yaktaur
  5254 | D        | Killed a yaktaur
  5321 | D        | Got the ring of Temperance {*Contam +Inv rC++ AC+6 Str+2}
  5325 | D        | Got the ring "Ynoanok" {+Inv rN+ Int+4}
  5327 | D        | Got the ring "Fuadudext" {Wiz rC- MR+ Dex+4}
  5329 | D        | Got the ring "Edwecw" {rPois rC+ EV+6 Int-3 Dex-3}
  5332 | D        | Got the ring "Ojarer" {Int+6 Dex+5 SInv}
  5334 | D        | Got the ring of Pylangec {*Drain AC+6 Str+5 Int+9}
  5336 | D        | Got the ring "Jew Wuh" {+Inv rElec rC+ SInv}
  5342 | D        | Got the ring "Kaciykka" {AC+6 Dex+2}
  5344 | D        | Got the ring "Urufe" {Wiz -Tele +Inv rN++ Str+2}
  5346 | D        | Got the ring of the Evil One {Fire MP-9 Str+3 Dex+3 Slay+2}
  5348 | D        | Got the ring of the Devil {rElec rC+ EV+6 Int+3 Stlth+}
  5367 | D        | Got the ring of Internal Strife {Dex+4 Slay+5}
  5369 | D        | Got the amulet of Freedom {-Tele +Fly rN+ Regen+ MP+9}
  5372 | D        | Got the amulet of Sovereignty {Spirit +Blink rF+++ Str+2 Dex-5}
  5374 | D        | Got the amulet "Odaec" {rMut MR- Str+3 Int+3}
  5376 | D        | Got the amulet "Tunorif" {rMut MR++ Str+4}
  5378 | D        | Got the ring of Sif Muna's Approval {+Fly rN+}
  5380 | D        | Got the amulet "Hatac" {rMut MR+}
  5382 | D        | Got the amulet "Parilo" {Spirit rF+ Int+2}
  5384 | D        | Got the amulet of Qedypp {Spirit Str+4 Dex+3}
  5386 | D        | Got the amulet "Utoiq" {Spirit rF+ rN+ Dex+3}
  5388 | D        | Got the ring of Kuwnuezo {SustAt Str+7}
  5390 | D        | Got the amulet of Waxal {+Rage rN++ Str-5}
  5392 | D        | Got the amulet "Boxtafesch" {Ward +Fly rPois rN+ Int-2 Stlth+}
  5394 | D        | Got the amulet "Hekeharch" {Faith rC+ Str-4 Int+3 Slay+3}
  5526 | D        | Noticed a Hell Sentinel
  5534 | D        | Killed a Hell Sentinel
  5622 | D        | Noticed a titan
  5629 | D        | Killed a titan
  5629 | D        | Received a gift from Okawaru
  5629 | D        | Reached XP level 16. HP: 161/161 MP: 17/25
  5630 | D        | Got an encrusted demon whip {god gift}
  5631 | D        | Lost intelligence.
  5631 | D        | Identified the +8 demon whip of Juqemybb {drain, rC++ Int-3 Dex+5} (Okawaru gifted it to you in the Dungeon)
  5661 | D        | Noticed an Ice Fiend
  5665 | D        | Killed an Ice Fiend
  5667 | D        | Noticed a deep elf death mage
  5670 | D        | Killed a deep elf death mage
  5843 | D        | Noticed Doafed the pandemonium lord
  5860 | D        | Killed Doafed the pandemonium lord
  5864 | D        | Noticed a soul eater
  5869 | D        | Killed a soul eater
  5869 | D        | Reached skill level 26 in Armour
  5872 | D        | Noticed a lindwurm
  5872 | D        | Noticed a hell hog
  5872 | D        | Noticed a hell hog
  5872 | D        | Noticed a hell hog
  5872 | D        | Noticed a hell hog
  5872 | D        | Noticed an electric golem
  5872 | D        | Noticed a sphinx
  5872 | D        | Noticed a deep elf master archer
  5872 | D        | a lindwurm changed into a ghost crab
  5878 | D        | Killed a hell hog
  5888 | D        | Killed an electric golem
  5893 | D        | Killed a deep elf master archer
  5896 | D        | Killed a sphinx
  5901 | D        | Killed a hell hog
  5907 | D        | Killed a hell hog
  5909 | D        | Killed a hell hog
  5974 | D        | Noticed an ancient lich
  5982 | D        | Killed an ancient lich
  5985 | D        | Noticed a shadow dragon
  5990 | D        | Killed a shadow dragon
  5994 | D        | Noticed an orb of fire
  6009 | D        | Killed an orb of fire
  6009 | D        | Reached skill level 27 in Maces & Flails
  6009 | D        | Reached skill level 27 in Armour
  6009 | D        | Reached skill level 27 in Shields
  6013 | D        | Noticed a lich
  6016 | D        | Killed a lich
  6016 | D        | Received a gift from Okawaru
  6023 | D        | Noticed Uhabum the pandemonium lord
  6033 | D        | Killed Uhabum the pandemonium lord
  6036 | D        | Noticed a hell knight
  6041 | D        | Killed a hell knight
  6351 | D        | Noticed a warg
  6351 | D        | Noticed an orc sorcerer
  6351 | D        | Noticed a naga
  6351 | D        | Noticed a naga
  6351 | D        | Noticed a naga
  6351 | D        | Noticed a greater naga
  6351 | D        | Noticed an orc warrior
  6352 | D        | Noticed an orc warlord
  6352 | D        | Noticed a spriggan defender
  6353 | D        | Noticed an ogre
  6353 | D        | Noticed a lorocyproca
  6353 | D        | Noticed a titan
  6354 | D        | Noticed a bone dragon
  6354 | D        | Noticed an orc warrior
  6354 | D        | Noticed an orc warrior
  6354 | D        | Noticed an orc warrior
  6354 | D        | Noticed a naga mage
  6354 | D        | Noticed a frost giant
  6355 | D        | Noticed an orc warrior
  6355 | D        | Noticed a green draconian
  6357 | D        | Noticed a green death
  6358 | D        | Killed a spriggan defender
  6358 | D        | Reached skill level 1 in Evocations
  6360 | D        | Killed a naga
  6361 | D        | Killed a naga
  6363 | D        | Noticed a deep elf death mage
  6364 | D        | Noticed a tormentor
  6364 | D        | Noticed a shadow dragon
  6365 | D        | Killed a greater naga
  6377 | D        | Killed a bone dragon
  6381 | D        | Killed a lorocyproca
  6384 | D        | Killed a frost giant
  6385 | D        | Noticed an orc warrior
  6386 | D        | Noticed a green death
  6388 | D        | Killed a titan
  6391 | D        | Killed a green draconian
  6393 | D        | Killed an orc warrior
  6396 | D        | Noticed a sphinx
  6399 | D        | Killed a green death
  6401 | D        | Noticed a storm dragon
  6405 | D        | Killed an orc warlord
  6407 | D        | Killed an orc sorcerer
  6409 | D        | Killed an ogre
  6415 | D        | Killed a shadow dragon
  6417 | D        | Killed an orc warrior
  6419 | D        | Killed an orc warrior
  6420 | D        | Killed an orc warrior
  6422 | D        | Killed a deep elf death mage
  6422 | D        | Paralysed by a giant eyeball for 4 turns
  6433 | D        | Killed a storm dragon
  6436 | D        | Killed a green death
  6436 | D        | Reached skill level 5 in Evocations
  6439 | D        | Killed a naga mage
  6440 | D        | Killed an orc warrior
  6441 | D        | Killed a warg
  6444 | D        | Killed a sphinx
  6445 | D        | Paralysed by a giant eyeball for 3 turns
  6451 | D        | Killed a tormentor
  6456 | D        | Killed a naga
  6458 | D        | Killed an orc warrior
  6505 | D        | Noticed a black draconian
  6576 | D        | Noticed a reaper
  6579 | D        | Killed a reaper
  6621 | D        | Noticed a deep elf master archer
  6627 | D        | Noticed a spriggan air mage
  6634 | D        | Killed a spriggan air mage
  6810 | D        | Killed a deep elf master archer
  6810 | D        | Reached XP level 17. HP: 159/180 MP: 26/26
  6853 | D        | Noticed a hellephant
  6870 | D        | Killed a hellephant
  6871 | D        | Noticed a blizzard demon
  6878 | D        | Killed a blizzard demon
  6883 | D        | Noticed a dire elephant
  6886 | D        | Noticed a fire giant
  6890 | D        | Killed a dire elephant
  6891 | D        | Noticed an azure jelly
  6891 | D        | Noticed a Hell Sentinel
  6892 | D        | Noticed a mottled draconian
  6892 | D        | Noticed a hell beast
  6892 | D        | Noticed an ice dragon
  6892 | D        | Noticed a frost giant
  6893 | D        | Noticed a mottled draconian monk
  6894 | D        | Noticed a fire dragon
  6901 | D        | Killed a Hell Sentinel
  6901 | D        | Reached skill level 15 in Invocations
  6904 | D        | Killed a fire giant
  6904 | D        | Received a gift from Okawaru
  6905 | D        | Noticed a golden dragon
  6912 | D        | Killed a mottled draconian
  6915 | D        | Noticed a tentacled monstrosity
  6924 | D        | Killed an azure jelly
  6931 | D        | Killed a fire dragon
  6938 | D        | Killed a mottled draconian monk
  6939 | D        | Noticed an ancient lich
  6940 | D        | Noticed Mara
  6944 | D        | Killed a golden dragon
  6954 | D        | Killed a tentacled monstrosity
  6961 | D        | Noticed a deep elf death mage
  6974 | D        | Killed an ice dragon
  6982 | D        | Noticed Kidiri's illusion
  6982 | D        | Killed an ancient lich
  6983 | D        | Noticed a black draconian caller
  6987 | D        | Killed a frost giant
  6991 | D        | Killed a hell beast
  6997 | D        | Killed a black draconian
  6997 | D        | Received a gift from Okawaru
  7028 | D        | Killed a black draconian caller
  7051 | D        | Killed Mara
  7064 | D        | Killed a deep elf death mage
  7064 | D        | Reached skill level 10 in Evocations
  7065 | D        | Killed Mara
  7081 | D        | Noticed a curse toe
  7094 | D        | Killed a curse toe
  7430 | D        | Noticed a moth of wrath
  7433 | D        | Noticed a balrug
  7434 | D        | Noticed an ancient lich
  7434 | D        | Noticed an azure jelly
  7435 | D        | Killed a moth of wrath
  7441 | D        | Killed a balrug
  7441 | D        | Received a gift from Okawaru
  7445 | D        | Killed an azure jelly
  7452 | D        | Killed an ancient lich
  7452 | D        | Reached skill level 27 in Fighting
  7630 | D        | Got the ring "Noomocw" {rF+ Dex+3 Stlth-}
  7632 | D        | Got the ring of Nemelex Xobeh's Regard {*Corrode +Fly rElec Str+3 SInv}
  7634 | D        | Got the amulet "Doxakeg" {Clar Dex+3}
  7636 | D        | Got the ring of the Eagle {+Fly rN+ Int+3 Dex+4}
  7638 | D        | Got the ring of Fun {Wiz Dex+2}
  7640 | D        | Got the ring "Edeseruank" {rC+ Slay+2 Stlth+}
  7642 | D        | Got the ring "Gasonavi" {rF+ rC+}
  7644 | D        | Got the ring "Evapty Inip" {Fire rElec MR+ Str+3}
  8075 | D        | Noticed a hill giant
  8075 | D        | Noticed an ogre mage
  8075 | D        | Noticed an iron troll
  8075 | D        | Noticed a hill giant
  8075 | D        | Noticed a troll
  8075 | D        | Noticed a deep troll
  8075 | D        | Noticed a hill giant
  8075 | D        | Noticed an iron troll
  8075 | D        | Noticed a cyclops
  8075 | D        | Noticed an ogre
  8075 | D        | Noticed a two-headed ogre
  8075 | D        | Noticed an iron troll
  8075 | D        | Noticed an ettin
  8075 | D        | Noticed an ogre mage
  8075 | D        | Noticed a two-headed ogre
  8075 | D        | Noticed a hill giant
  8075 | D        | Noticed an ogre
  8075 | D        | Noticed a deep troll
  8075 | D        | Noticed a titan
  8075 | D        | Noticed a deep troll
  8075 | D        | Noticed a deep troll
  8075 | D        | Noticed an ettin
  8075 | D        | Noticed an ogre mage
  8075 | D        | Noticed a cyclops
  8075 | D        | Noticed a deep troll
  8075 | D        | Noticed a two-headed ogre
  8075 | D        | Noticed an ogre
  8075 | D        | Noticed a two-headed ogre
  8075 | D        | Noticed a stone giant
  8075 | D        | Noticed a cyclops
  8075 | D        | Noticed a deep troll
  8075 | D        | Noticed a troll
  8075 | D        | Noticed an ogre
  8075 | D        | Noticed an ettin
  8075 | D        | Noticed an ettin
  8075 | D        | Noticed a deep troll
  8075 | D        | Noticed a troll
  8075 | D        | Noticed a two-headed ogre
  8075 | D        | Noticed a two-headed ogre
  8076 | D        | Noticed an iron troll
  8077 | D        | Killed a hill giant
  8078 | D        | Noticed a stone giant
  8078 | D        | Noticed an iron troll
  8078 | D        | Noticed a hill giant
  8078 | D        | Noticed a deep troll
  8078 | D        | Noticed a deep troll
  8078 | D        | Noticed an ogre mage
  8078 | D        | Noticed a troll
  8078 | D        | Noticed an ogre
  8078 | D        | Noticed a cyclops
  8078 | D        | Noticed an ogre
  8078 | D        | Noticed a deep troll
  8078 | D        | Noticed a troll
  8078 | D        | Noticed an ettin
  8078 | D        | Noticed a two-headed ogre
  8078 | D        | Noticed a cyclops
  8078 | D        | Noticed a troll
  8081 | D        | Killed an ettin
  8083 | D        | Killed a two-headed ogre
  8090 | D        | Killed an ettin
  8093 | D        | Killed an ogre mage
  8098 | D        | Killed an ettin
  8103 | D        | Killed a deep troll
  8103 | D        | Reached skill level 27 in Dodging
  8108 | D        | Killed a stone giant
  8110 | D        | Killed a deep troll
  8116 | D        | Killed a deep troll
  8117 | D        | Killed a hill giant
  8124 | D        | Killed an ettin
  8130 | D        | Killed an ettin
  8130 | D        | Reached XP level 18. HP: 134/200 MP: 27/30
  8135 | D        | Killed an iron troll
  8144 | D        | Killed a stone giant
  8146 | D        | Killed a two-headed ogre
  8147 | D        | Killed a two-headed ogre
  8149 | D        | Killed an iron troll
  8158 | D        | Killed an iron troll
  8162 | D        | Killed an iron troll
  8164 | D        | Killed a two-headed ogre
  8168 | D        | Killed a two-headed ogre
  8170 | D        | Killed a two-headed ogre
  8173 | D        | Killed a cyclops
  8176 | D        | Killed an iron troll
  8180 | D        | Killed a hill giant
  8181 | D        | Killed a two-headed ogre
  8184 | D        | Killed a titan
  8184 | D        | Received a gift from Okawaru
  8186 | D        | Killed a hill giant
  8189 | D        | Killed an ogre mage
  8189 | D        | Reached skill level 15 in Evocations
  8192 | D        | Killed a deep troll
  8193 | D        | Killed a hill giant
  8195 | D        | Killed an ogre mage
  8199 | D        | Killed a deep troll
  8202 | D        | Killed a deep troll
  8203 | D        | Killed a deep troll
  8206 | D        | Killed a troll
  8207 | D        | Killed a troll
  8209 | D        | Killed an ogre
  8214 | D        | Killed a deep troll
  8217 | D        | Killed an ogre mage
  8217 | D        | Received a gift from Okawaru
  8222 | D        | Killed a deep troll
  8223 | D        | Killed an ogre
  8225 | D        | Killed a deep troll
  8227 | D        | Killed a troll
  8228 | D        | Killed a troll
  8230 | D        | Killed an ogre
  8233 | D        | Killed an ogre
  8235 | D        | Killed a cyclops
  8236 | D        | Killed a troll
  8237 | D        | Killed an ogre
  8241 | D        | Killed a cyclops
  8244 | D        | Killed a troll
  8247 | D        | Killed an ogre
  8249 | D        | Killed a cyclops
  8251 | D        | Killed a cyclops
  8319 | D        | Got the amulet of Cowardice {Clar rElec Str+4}
  8356 | D        | Got a silver rune of Zot
  8975 | D        | Got the +11 blowgun of the Augurer {evade, Dex+6}
  9357 | D        | Noticed a hellephant
  9364 | D        | Killed a hellephant
  9369 | D        | Noticed a deep elf annihilator
  9373 | D        | Killed a deep elf annihilator
  9373 | D        | Reached skill level 5 in Throwing
  9382 | D        | Noticed an ancient lich
  9390 | D        | Killed an ancient lich
  9404 | D        | Noticed a black draconian monk
  9410 | D        | Killed a black draconian monk
  9436 | D        | Noticed a Shadow Fiend
  9443 | D        | Killed a Shadow Fiend
  9443 | D        | Reached skill level 10 in Throwing
  9731 | D        | Noticed a Hell Sentinel
  9743 | D        | Killed a Hell Sentinel
  9747 | D        | Noticed an electric golem
  9759 | D        | Killed an electric golem
  9795 | D        | Noticed an Executioner
  9798 | D        | Killed an Executioner
  9804 | D        | Noticed a hellephant
  9813 | D        | Killed a hellephant
  9824 | D        | Noticed an ice dragon
  9828 | D        | Killed an ice dragon
  9830 | D        | Noticed a greater naga
  9834 | D        | Killed a greater naga
  9838 | D        | Noticed a Brimstone Fiend
  9846 | D        | Killed a Brimstone Fiend
 10082 | D        | Noticed a ghost moth
 10087 | D        | Killed a ghost moth
 10090 | D        | Noticed an electric golem
 10103 | D        | Killed an electric golem
 10128 | D        | Noticed an apis
 10132 | D        | Killed an apis
 10135 | D        | Noticed a Hell Sentinel
 10141 | D        | Killed a Hell Sentinel
 10141 | D        | Reached skill level 15 in Throwing
 10144 | D        | Noticed a deep elf high priest
 10146 | D        | Killed a deep elf high priest
 10152 | D        | Noticed a death ooze
 10155 | D        | Killed a death ooze
 10155 | D        | Received a gift from Okawaru
 10156 | D        | Got a sapphire dire flail {god gift}
 10157 | D        | Identified the +4 dire flail "Death Rattle" {flame, +Blink} (Okawaru gifted it to you in the Dungeon)
 10160 | D        | Noticed a titan
 10167 | D        | Killed a titan
 10172 | D        | Noticed Norris
 10179 | D        | Killed Norris
 10183 | D        | Noticed a greater mummy
 10193 | D        | Killed a greater mummy
 10201 | D        | Noticed a purple draconian zealot
 10205 | D        | Killed a purple draconian zealot
 10315 | D        | Noticed a pearl dragon
 10324 | D        | Killed a pearl dragon
 10324 | D        | Reached XP level 19. HP: 198/207 MP: 33/33
 10347 | D        | Noticed a titan
 10353 | D        | Killed a titan
 10358 | D        | Noticed an Ice Fiend
 10364 | D        | Killed an Ice Fiend
 10377 | D        | Noticed Loqicoz the pandemonium lord
 10386 | D        | Killed Loqicoz the pandemonium lord
 10386 | D        | Received a gift from Okawaru
 10386 | D        | Received a gift from Okawaru
 10390 | D        | Noticed a black draconian
 10398 | D        | Killed a black draconian
 10422 | D        | Noticed a Hell Sentinel
 10427 | D        | Killed a Hell Sentinel
 10432 | D        | Noticed Tiamat
 10463 | D        | Killed Tiamat
 10463 | D        | Received a gift from Okawaru
 10463 | D        | Received a gift from Okawaru
 10498 | D        | Noticed a pearl dragon
 10504 | D        | Killed a pearl dragon
 10508 | D        | Noticed a tormentor
 10511 | D        | Killed a tormentor
 10828 | D        | Noticed a shadow dragon
 10833 | D        | Killed a shadow dragon
 10844 | D        | Noticed an orb of fire
 10856 | D        | Killed an orb of fire
 10881 | D        | Noticed Kuomecioru the pandemonium lord
 10892 | D        | Killed Kuomecioru the pandemonium lord
 10893 | D        | Noticed a blizzard demon
 10896 | D        | Killed a blizzard demon
 10902 | D        | Noticed a soul eater
 10905 | D        | Killed a soul eater
 10908 | D        | Noticed a Shadow Fiend
 10913 | D        | Killed a Shadow Fiend
 11099 | D        | Noticed a shadow dragon
 11105 | D        | Killed a shadow dragon
 11116 | D        | Noticed an orb of fire
 11128 | D        | Killed an orb of fire
 11146 | D        | Got the amulet "Plog" {Regen+ Str+3 Dex+4 Slay+2 Stlth-}
 11152 | D        | Got the ring of Leodaif {Wiz *Drain rN+ Str+4}
 11154 | D        | Got the ring "Kedowifu" {rN+ Str+3 Dex+3}
 11157 | D        | Got an iron rune of Zot
 11160 | D        | Got the amulet of Erhoenud {Ward rPois rN+ Str+7 Dex-3}
 11162 | D        | Got the ring "Vol Yzyck" {+Inv Int+2 Dex-5 Stlth-}
 11164 | D        | Got the ring "Feapp" {MP+9 Int+3}
 11422 | D        | Got the ring of Nonanu Neoro {rElec rN+ MR- Str+6 Int+3}
 11426 | D        | Got the ring of Xoasm {Dex-4 SInv}
 11685 | D        | Noticed a vampire knight
 11685 | D        | Noticed a bone dragon
 11685 | D        | Noticed an ancient lich
 11685 | D        | Noticed a vampire knight
 11685 | D        | Noticed a guardian mummy
 11685 | D        | Noticed a greater mummy
 11685 | D        | Noticed a greater mummy
 11685 | D        | Noticed a guardian mummy
 11685 | D        | Noticed a vampire knight
 11685 | D        | Noticed a vampire knight
 11685 | D        | Noticed a greater mummy
 11685 | D        | Noticed a mummy priest
 11685 | D        | Noticed a skeletal warrior
 11688 | D        | Killed a vampire knight
 11688 | D        | Reached skill level 1 in Stealth
 11695 | D        | Noticed an ancient lich
 11707 | D        | Killed a vampire knight
 11723 | D        | Killed a greater mummy
 11723 | D        | Received a gift from Okawaru
 11739 | D        | Killed an ancient lich
 11739 | D        | Received a gift from Okawaru
 11753 | D        | Killed a vampire knight
 11759 | D        | Killed an ancient lich
 11763 | D        | Killed a mummy priest
 11779 | D        | Killed a bone dragon
 11784 | D        | Killed a vampire knight
 11784 | D        | Reached XP level 20. HP: 195/216 MP: 36/36
 11787 | D        | Killed a guardian mummy
 11790 | D        | Killed a guardian mummy
 11791 | D        | Noticed an ancient lich
 11791 | D        | Noticed a mummy priest
 11792 | D        | Noticed a skeletal warrior
 11804 | D        | Killed a greater mummy
 11816 | D        | Killed an ancient lich
 11816 | D        | Reached skill level 10 in Stealth
 11816 | D        | Reached skill level 27 in Invocations
 11817 | D        | Noticed a vampire knight
 11831 | D        | Killed a greater mummy
 11838 | D        | Killed a mummy priest
 11849 | D        | Killed a skeletal warrior
 11849 | D        | Reached skill level 27 in Throwing
 11854 | D        | Killed a vampire knight
 11860 | D        | Noticed a vampire knight
 11863 | D        | Got the ring "Nelalek" {rF+ rC+}
 11868 | D        | Noticed a vampire knight
 11875 | D        | Killed a vampire knight
 11882 | D        | Noticed a skeletal warrior
 11887 | D        | Killed a vampire knight
 11892 | D        | Noticed a mummy priest
 11892 | D        | Noticed a greater mummy
 11894 | D        | Killed a skeletal warrior
 11898 | D        | Noticed a vampire knight
 11899 | D        | Killed a skeletal warrior
 11926 | D        | Killed a greater mummy
 11935 | D        | Killed a vampire knight
 11940 | D        | Noticed a ghoul
 11949 | D        | Noticed a vampire knight
 11958 | D        | Killed a ghoul
 11962 | D        | Killed a mummy priest
 11981 | D        | Killed a vampire knight
 11992 | D        | Noticed a bone dragon
 11993 | D        | Noticed a bone dragon
 12000 | D        | Killed a bone dragon
 12001 | D        | Noticed a guardian mummy
 12006 | D        | Noticed a vampire knight
 12007 | D        | Killed a bone dragon
 12008 | D        | Noticed a mummy priest
 12020 | D        | Killed a guardian mummy
 12020 | D        | Reached skill level 15 in Stealth
 12023 | D        | Killed a vampire knight
 12036 | D        | Killed a mummy priest
 12041 | D        | Noticed a lich
 12045 | D        | Noticed a bone dragon
 12049 | D        | Killed a lich
 12049 | D        | Received a gift from Okawaru
 12051 | D        | Noticed a skeletal warrior
 12054 | D        | Noticed a bone dragon
 12062 | D        | Killed a bone dragon
 12070 | D        | Killed a bone dragon
 12074 | D        | Killed a skeletal warrior
 12075 | D        | Noticed a vampire knight
 12079 | D        | Killed a vampire knight
 12080 | D        | Noticed a greater mummy
 12080 | D        | Noticed a skeletal warrior
 12080 | D        | Noticed a skeletal warrior
 12080 | D        | Noticed a guardian mummy
 12080 | D        | Noticed a vampire knight
 12080 | D        | Noticed a vampire knight
 12081 | D        | Noticed a mummy priest
 12084 | D        | Noticed a guardian mummy
 12086 | D        | Killed a vampire knight
 12091 | D        | Killed a vampire knight
 12094 | D        | Killed a skeletal warrior
 12139 | D        | Killed a skeletal warrior
 12142 | D        | Killed a guardian mummy
 12158 | D        | Killed a greater mummy
 12186 | D        | Killed a mummy priest
 12395 | D        | Killed a guardian mummy
 12619 | D        | Got the cursed +0 quarterstaff "Enur Huu" {crush, rPois rC+ Str+2 Dex-4}
 12629 | D        | Got the +8 great sword "Kaireling" {slice, +Blink rN+ Str-2}
 12629 | D        | Got the cursed +1 war axe "Libimo" {chop, Dex+2}
 12647 | D        | Noticed a skeletal warrior
 12654 | D        | Killed a skeletal warrior
 12659 | D        | Got a distressingly furry scale mail {god gift}
 12670 | D        | Identified the +3 scale mail of Valour {Str+4 Stlth+} (Okawaru gifted it to you in the Dungeon)
 12702 | D        | Noticed a greater mummy
 12712 | D        | Killed a greater mummy
 12712 | D        | Reached skill level 27 in Evocations
 12734 | D        | Got a golden rune of Zot
 13081 | D        | Noticed a vault guard
 13081 | D        | Noticed a greater mummy
 13081 | D        | Noticed a blizzard demon
 13081 | D        | Noticed a white draconian caller
 13082 | D        | Noticed a frost giant
 13082 | D        | Noticed a Killer Klown
 13083 | D        | Noticed an iron dragon
 13084 | D        | Noticed a storm dragon
 13087 | D        | Killed a blizzard demon
 13088 | D        | Noticed a cacodemon
 13092 | D        | Killed a vault guard
 13099 | D        | Killed a Killer Klown
 13099 | D        | Reached skill level 5 in Unarmed Combat
 13107 | D        | Killed a greater mummy
 13112 | D        | Killed a frost giant
 13116 | D        | Killed a white draconian caller
 13128 | D        | Killed a cacodemon
 13129 | D        | Killed an iron dragon
 13135 | D        | Killed a storm dragon
 13135 | D        | Reached skill level 10 in Unarmed Combat
 13283 | D        | Noticed an Orb Guardian
 13283 | D        | Noticed an Orb Guardian
 13283 | D        | Noticed an Orb Guardian
 13283 | D        | Noticed an Orb Guardian
 13294 | D        | Killed an Orb Guardian
 13295 | D        | Noticed a hellephant
 13296 | D        | Killed an Orb Guardian
 13296 | D        | Reached XP level 21. HP: 224/224 MP: 37/37
 13302 | D        | Noticed an Orb Guardian
 13302 | D        | Noticed an Orb Guardian
 13304 | D        | Killed an Orb Guardian
 13304 | D        | Received a gift from Okawaru
 13306 | D        | Noticed a death ooze
 13310 | D        | Killed an Orb Guardian
 13311 | D        | Noticed Ereshkigal
 13313 | D        | Noticed Xtahua
 13314 | D        | Noticed Louise
 13319 | D        | Killed an Orb Guardian
 13324 | D        | Killed a death ooze
 13326 | D        | Noticed a quicksilver dragon
 13329 | D        | Killed an Orb Guardian
 13329 | D        | Received a gift from Okawaru
 13331 | D        | Noticed a pearl dragon
 13337 | D        | Killed Xtahua
 13375 | D        | Killed Ereshkigal
 13375 | D        | Reached skill level 15 in Unarmed Combat
 13377 | D        | Killed a pearl dragon
 13377 | D        | Received a gift from Okawaru
 13385 | D        | Killed a quicksilver dragon
 13393 | D        | Killed Louise
 13401 | D        | Noticed an Orb Guardian
 13405 | D        | Killed an Orb Guardian
 13407 | D        | Noticed Nikola
 13409 | D        | Noticed a profane servitor
 13409 | D        | Noticed a tentacled monstrosity
 13409 | D        | Noticed a spriggan air mage
 13415 | D        | Killed a hellephant
 13425 | D        | Killed a spriggan air mage
 13428 | D        | Killed a profane servitor
 13434 | D        | Killed a tentacled monstrosity
 13443 | D        | Killed Nikola
 13597 | D        | Noticed an Orb Guardian
 13598 | D        | Noticed a red devil
 13599 | D        | Noticed an Orb Guardian
 13600 | D        | Noticed an iron elemental
 13600 | D        | Noticed a purple draconian
 13600 | D        | Noticed a balrug
 13600 | D        | Noticed a red devil
 13601 | D        | Noticed a pearl dragon
 13601 | D        | Noticed a red devil
 13606 | D        | Killed an Orb Guardian
 13607 | D        | Noticed an Orb Guardian
 13608 | D        | Noticed a war gargoyle
 13611 | D        | Noticed a green death
 13611 | D        | Killed an Orb Guardian
 13612 | D        | Noticed a daeva
 13617 | D        | Noticed a Shadow Fiend
 13617 | D        | Killed a pearl dragon
 13619 | D        | Noticed a red devil
 13622 | D        | Killed an Orb Guardian
 13623 | D        | Noticed an electric golem
 13625 | D        | Killed a war gargoyle
 13625 | D        | Reached skill level 27 in Stealth
 13629 | D        | Killed a purple draconian
 13631 | D        | Killed a green death
 13631 | D        | Received a gift from Okawaru
 13632 | D        | Noticed an Orb Guardian
 13632 | D        | Noticed an Orb Guardian
 13633 | D        | Killed a red devil
 13638 | D        | Killed a Shadow Fiend
 13639 | D        | Noticed Dissolution
 13646 | D        | Killed Dissolution
 13656 | D        | Killed a daeva
 13661 | D        | Killed an Orb Guardian
 13663 | D        | Noticed a tentacled monstrosity
 13664 | D        | Killed an Orb Guardian
 13667 | D        | Noticed Boris
 13673 | D        | Killed Boris
 13677 | D        | Killed an iron elemental
 13682 | D        | Killed a tentacled monstrosity
 13687 | D        | Killed a balrug
 13708 | D        | Killed a ghost moth
 13714 | D        | Killed an electric golem
 13714 | D        | Reached skill level 27 in Unarmed Combat
 13720 | D        | Killed a red devil
 13738 | D        | Killed a red devil
 13750 | D        | Killed a red devil
 13959 | D        | Noticed an Orb Guardian
 13964 | D        | Killed an Orb Guardian
 13964 | D        | Reached skill level 5 in Spellcasting
 14406 | D        | Noticed an iron dragon
 14408 | D        | Noticed an electric golem
 14411 | D        | Noticed a white draconian
 14412 | D        | Noticed an Orb Guardian
 14412 | D        | Noticed an Orb Guardian
 14412 | D        | Noticed a balrug
 14413 | D        | Noticed a pearl dragon
 14417 | D        | Killed an iron dragon
 14418 | D        | Noticed a sun demon
 14419 | D        | Noticed an Orb Guardian
 14419 | D        | Noticed a sun demon
 14419 | D        | Noticed a lich
 14419 | D        | Noticed Lom Lobon
 14419 | D        | Noticed a Brimstone Fiend
 14420 | D        | Noticed a sun demon
 14420 | D        | Noticed an Orb Guardian
 14420 | D        | Noticed an Orb Guardian
 14421 | D        | Noticed an Orb Guardian
 14421 | D        | Noticed a hell knight
 14422 | D        | Killed a pearl dragon
 14423 | D        | Noticed an Orb Guardian
 14427 | D        | Noticed an Ice Fiend
 14428 | D        | Killed an Orb Guardian
 14431 | D        | Killed an Orb Guardian
 14431 | D        | Reached XP level 22. HP: 163/233 MP: 38/38
 14434 | D        | Noticed a red devil
 14434 | D        | Noticed Antaeus
 14436 | D        | Noticed Ixaros the pandemonium lord
 14442 | D        | Killed a Brimstone Fiend
 14443 | D        | Killed an Orb Guardian
 14443 | D        | Reached skill level 10 in Spellcasting
 14445 | D        | Noticed an Orb Guardian
 14445 | D        | Killed a balrug
 14446 | D        | Noticed an Orb Guardian
 14447 | D        | Killed a red devil
 14447 | D        | Killed an Orb Guardian
 14449 | D        | Killed a sun demon
 14450 | D        | Killed an Orb Guardian
 14451 | D        | Noticed a hell knight
 14451 | D        | Killed a sun demon
 14452 | D        | Noticed an Orb Guardian
 14453 | D        | Killed an Orb Guardian
 14455 | D        | Noticed a Shadow Fiend
 14460 | D        | Noticed a pearl dragon
 14460 | D        | Killed an Orb Guardian
 14460 | D        | Received a gift from Okawaru
 14461 | D        | Noticed a hell knight
 14462 | D        | Noticed the 27-headed Lernaean hydra
 14464 | D        | Killed Ixaros the pandemonium lord
 14465 | D        | Killed an Ice Fiend
 14466 | D        | Killed an Orb Guardian
 14468 | D        | Noticed a hell knight
 14471 | D        | Noticed a necromancer
 14476 | D        | Noticed a black draconian caller
 14483 | D        | Noticed Margery
 14487 | D        | Noticed a yellow draconian scorcher
 14488 | D        | Killed a white draconian
 14488 | D        | Killed a hell knight
 14488 | D        | Killed a hell knight
 14488 | D        | Killed a lich
 14488 | D        | Killed a necromancer
 14495 | D        | Noticed a Hell Sentinel
 14495 | D        | Noticed a hell knight
 14504 | D        | Killed a hell knight
 14504 | D        | Killed an Orb Guardian
 14504 | D        | Killed a hell knight
 14504 | D        | Killed a yellow draconian scorcher
 14504 | D        | Killed a hell knight
 14505 | D        | Killed the 27-headed Lernaean hydra
 14506 | D        | Killed a pearl dragon
 14506 | D        | Killed a sun demon
 14507 | D        | Noticed an Orb Guardian
 14508 | D        | Killed an Orb Guardian
 14510 | D        | Killed Margery
 14512 | D        | Killed an Orb Guardian
 14518 | D        | Killed an electric golem
 14529 | D        | Killed Antaeus
 14529 | D        | Received a gift from Okawaru
 14529 | D        | Reached skill level 15 in Spellcasting
 14537 | D        | Killed a Shadow Fiend
 14746 | D        | Killed Lom Lobon
 15112 | D        | Killed a Hell Sentinel
 15197 | D        | Killed a black draconian caller
 15227 | D        | Noticed an Orb Guardian
 15236 | D        | Noticed an Orb Guardian
 15239 | D        | Killed an Orb Guardian
 15243 | D        | Killed an Orb Guardian
 15243 | D        | Received a gift from Okawaru
 15307 | D        | Got the Orb of Zot
 15405 | D        | Escaped with the Orb!

Vault maps used:
D:        pitsprint

Action                   |  1- 3 |  4- 6 |  7- 9 | 10-12 | 13-15 | 16-18 | 19-21 | 22-24 || total
-------------------------+-------+-------+-------+-------+-------+-------+-------+-------++-------
Melee: Mace              |    25 |    51 |    43 |       |       |       |       |       ||   119
       Flail             |     2 |       |       |       |       |       |       |       ||     2
       Morningstar       |       |       |    42 |   341 |   476 |       |       |       ||   859
       Eveningstar       |       |       |       |       |   137 |   646 |   762 |   134 ||  1679
Throw: Tomahawk          |       |       |       |       |       |       |    17 |       ||    17
       Javelin           |       |       |       |       |       |       |    12 |     3 ||    15
Invok: Heroism           |       |     1 |     3 |     5 |     7 |    11 |    10 |     1 ||    38
       Finesse           |       |       |     1 |     5 |     7 |     9 |     9 |     1 ||    32
 Abil: Evoke Invisibilit |       |       |       |       |       |       |     4 |       ||     4
Evoke: Wand              |       |       |       |       |       |       |     2 |     8 ||    10
  Use: Potion            |       |     5 |     1 |     3 |     3 |    11 |     9 |     4 ||    36
       Scroll            |       |       |       |     1 |     5 |     2 |     2 |     2 ||    12
 Stab: Invisible         |       |       |       |       |       |       |     4 |       ||     4
  Eat: Chunk             |       |     6 |     1 |     9 |     9 |     8 |     5 |       ||    38
       Bread ration      |       |       |       |     1 |     3 |     3 |     3 |       ||    10
       Beef jerky        |       |       |       |       |       |       |     2 |       ||     2
